 Dungeon Crawl Stone Soup version 0.31.0-1-g2c135a008e (webtiles) character file.

Game seed: 9227258871524033386

52 qw the Shooter (level 4, -4/34 HPs)
             Began as a Djinni Hunter on Jan 23, 2024.
             Slain by a gnoll
             ... wielding a +0 spear
              (5 damage)
             ... on level 2 of the Dungeon.
             The game lasted 00:00:04 (937 turns).

qw the Shooter (Djinni Hunter)                       Turns: 937, Time: 00:00:04

Health: -4/34      AC:  5    Str: 10    XL:     4   Next: 8%
Gold:   21         EV: 11    Int: 11    God:
                   SH:  0    Dex: 18

rFire   + + .        a - +0 shortbow
rCold   x . .        (shield currently unavailable)
rNeg    . . .        f - +0 ring mail
rPois   inf          (no helmet)
rElec   .            (no cloak)
rCorr   .            (no gloves)
SInv    .            (boots unavailable)
Will    .....        (no amulet)
Stlth   +            (no ring)
HPRegen 0.25/turn    (no ring)
MPRegen 0.00/turn

%: infuse magic (-5 HP)
@: flying
A: sickness immunity, fire resistance 2, cold vulnerability 1, float, innate
caster, HP casting, extra vitality 1
a: no special abilities


You were on level 2 of the Dungeon.
You visited 1 branch of the dungeon, and saw 2 of its levels.

You collected 75 gold pieces.
You spent 54 gold pieces at shops.


Innate Abilities, Weirdness & Mutations

You are immune to sickness and miasma.
You are immune to poison.
Your flesh is very heat resistant. (rF++)
You are vulnerable to cold. (rC-)
You float through the air rather than walking.
You learn spells naturally, not from books.
Your magical power is your life essence.
You have superior vitality. (+4 MHP)


   Skills:
 + Level 2.4 Fighting
 - Level 4.0 Ranged Weapons
 - Level 1.4 Armour
 - Level 2.1 Dodging
 - Level 0.7 Stealth


You knew the following spells:

 Your Spells              Type           Power      Damage    Failure   Level
a - Necrotise             Necr           0%         1d4       65%         1
Your spell library was empty.

Inventory:

Hand Weapons
 a - a +0 shortbow (weapon)
Armour
 f - a +0 ring mail (worn)
Potions
 b - a potion of resistance {unknown}

Dungeon Overview and Level Annotations

Branches:
Dungeon (2/15)

Altars:

Shops:
D:1 *?*


Message History

The gnoll hits you with a +0 whip.
You shoot an arrow.
The arrow hits the gnoll but does no damage.
The gnoll is moderately wounded.
The gnoll hits you from afar with a +0 spear.
The gnoll misses you.
The gnoll hits you from afar with a +0 spear.
You shoot an arrow. The arrow hits the gnoll!
The gnoll is severely wounded.
The gnoll hits you from afar with a +0 spear.
The gnoll misses you.
You shoot an arrow. The arrow barely misses the gnoll.
The arrow closely misses the gnoll.
The gnoll closely misses you. The gnoll hits you with a +0 flail.
You shoot an arrow. The arrow barely misses the gnoll.
The arrow hits the gnoll.
The gnoll is heavily wounded.
The gnoll misses you. The gnoll barely misses you.
The gnoll hits you with a +0 flail. The gnoll completely misses you.
You shoot an arrow. The arrow hits the gnoll.
You kill the gnoll!
The gnoll hits you from afar with a +0 spear.
Your Armour skill increases to level 1!
You have reached level 4!
You feel clever.
You shoot an arrow. The arrow hits the gnoll.
The gnoll is almost dead.
The gnoll barely misses you. The gnoll hits you with a +0 whip.
The gnoll misses you. The gnoll barely misses you.
You shoot an arrow.
The arrow hits the gnoll but does no damage.
The gnoll is severely wounded.
The gnoll hits you with a +0 whip.
The gnoll hits you from afar with a +0 spear.
You shoot an arrow. The arrow closely misses the gnoll.
The arrow barely misses the kobold.
The gnoll completely misses you. The gnoll hits you with a +0 whip.
You shoot an arrow. The arrow hits the gnoll!
You kill the gnoll!
The gnoll misses you.
The gnoll hits you from afar with a +0 spear.
You die...

### #.# #.. ..# #.####
#.# #.#..# #.# #.#..#
#.# #.#..# #.#
#.#..####.######
+.....>........#
#@##.#.##.####.# '
#K##.#.##.# #.#
..g...g.##.#.##.####.###
...g....##.#.##.........
........##.#.#####.#####
........##.#.##......[.#
...........#.##.##.###.#
.##...######.##.##.#.#.#
.... #.....#...#


You could see a gnoll and a kobold.

Vanquished Creatures
  3 gnolls (D:2)
  A dart slug (D:1)
  5 ball pythons (D:1)
  5 bats (D:1)
  2 endoplasms (D:1)
  2 giant cockroaches (D:1)
  2 goblins (D:1)
  4 hobgoblins (D:1)
  A frilled lizard (D:1)
  4 kobolds (D:1)
  A rat (D:1)
30 creatures vanquished.

Notes
Turn   | Place    | Note
-------+----------+-------------------------------------------
     0 | D:1      | qw the Djinni Hunter began the quest for the Orb.
     0 | D:1      | Reached XP level 1. HP: 18/18 MP: 0/0
     0 | D:1      | 0 ||| qw: Version: 0.3-a-135-gb77e89d
     0 | D:1      | 0 ||| qw: Game counter: 881
     0 | D:1      | 0 ||| qw: Melee chars always use a shield: true
     0 | D:1      | 0 ||| qw: God list: Okawaru
     0 | D:1      | 0 ||| qw: Allow faded altars: false
     0 | D:1      | 0 ||| qw: Do Orc after clearing Dungeon:15 true
     0 | D:1      | 0 ||| qw: Do second Lair branch before Depths: true
     0 | D:1      | 0 ||| qw: Lair rune preference: random
     0 | D:1      | 0 ||| qw: Goals: Normal
     0 | D:1      | 0 ||| PLANNING D:1-11
    49 | D:1      | Reached XP level 2. HP: 23/23 MP: 0/0
   207 | D:1      | Found Hajyta's Magic Scroll Shoppe.
   219 | D:1      | 219 ||| SHOPLISTING scroll of identify (28 gold, have 10).
   295 | D:1      | Reached skill level 4 in Ranged Weapons
   295 | D:1      | Reached XP level 3. HP: 27/28 MP: 0/0
   295 | D:1      | Learned a level 1 spell: Necrotise
   579 | D:1      | Found Weovaduu's Assorted Antiques.
   586 | D:1      | 586 ||| SHOPLISTING ancient leather armour (189 gold, have
                  | 64).
   586 | D:1      | 586 ||| SHOPLISTING opal ring (135 gold, have 64).
   586 | D:1      | 586 ||| BUYING scroll labelled SUDGHU WOAPAZUL (27 gold).
   586 | D:1      | Bought a scroll labelled SUDGHU WOAPAZUL for 27 gold pieces
   586 | D:1      | 586 ||| BUYING scroll labelled UKOMESK MAREAM (27 gold).
   586 | D:1      | Bought a scroll labelled UKOMESK MAREAM for 27 gold pieces
   586 | D:1      | 586 ||| SHOPLISTING scroll labelled WAGOLEHOMI (27 gold,
                  | have 10).
   586 | D:1      | 586 ||| SHOPLISTING shiny ring mail (189 gold, have 10).
   586 | D:1      | 586 ||| SHOPLISTING smoky emerald potion (24 gold, have
                  | 10).
   803 | D:1      | Found Xeheb's Assorted Antiques.
   816 | D:1      | 816 ||| SHOPLISTING dazzling ring mail (189 gold, have 10).
   816 | D:1      | 816 ||| SHOPLISTING runed hat (147 gold, have 10).
   816 | D:1      | 816 ||| SHOPLISTING scroll labelled EKLEBBO GERCH (21 gold,
                  | have 10).
   816 | D:1      | 816 ||| SHOPLISTING scroll labelled JASOGISEOM (21 gold,
                  | have 10).
   816 | D:1      | 816 ||| SHOPLISTING scroll labelled NORIPOBARO (21 gold,
                  | have 10).
   816 | D:1      | 816 ||| SHOPLISTING scroll labelled WAGOLEHOMI (21 gold,
                  | have 10).
   816 | D:1      | 816 ||| SHOPLISTING white potion (18 gold, have 10).
   848 | D:1      | 848 ||| UPGRADING to +0 ring mail.
   858 | D:1      | 858 ||| DROPPING +0 leather armour.
   859 | D:1      | 859 ||| READING scroll labelled NORIPOBARO.
   860 | D:1      | 860 ||| READING 2 scrolls labelled SUDGHU WOAPAZUL.
   860 | D:1      | 860 ||| IDENTIFYING sapphire potion
   861 | D:1      | 861 ||| READING scroll of identify.
   861 | D:1      | 861 ||| IDENTIFYING scroll labelled UKOMESK MAREAM
   862 | D:1      | 862 ||| DROPPING scroll of butterflies.
   863 | D:1      | 863 ||| DROPPING potion of magic.
   864 | D:1      | 864 ||| DROPPING scroll of immolation.
   921 | D:2      | 921 ||| RETREEEEATING.
   923 | D:2      | 923 ||| RETREEEEATING.
   932 | D:2      | HP: 7/29 [gnoll/+0 flail (6)]
   934 | D:2      | Reached skill level 1 in Armour
   934 | D:2      | Reached XP level 4. HP: 8/34 MP: 0/0
   936 | D:2      | HP: 1/34 [gnoll/+0 whip (3)]
   937 | D:2      | Slain by a gnoll

Levels and vault maps discovered:
D:1:      dpeg_arrival_shelter, layout_basic, serial_shops,
          nicolae_shop_pleasant_corner_grove, shop, nicolae_shop_waterfront,
          nicolae_houndstooth_variations
D:2:      layout_basic, serial_shops, nicolae_shop_tiny_real_fake_doors, shop,
          kennysheep_boxes

Skill      XL: |  1  2  3 |
---------------+----------+-----
Ranged Weapons | 4 |  4.0
Armour         | 1 |  1.4
Fighting       | |  2.4
Dodging        | |  2.1
Stealth        | |  0.7

Action                     |  1- 3 |  4- 6 || total
---------------------------+-------+-------++-------
   Fire: Shortbow          |    82 |     4 ||    86
    Use: Scroll            |     3 |       ||     3
 Armour: Leather armour    |    14 |       ||    14
         Ring mail         |     9 |     5 ||    14
  Dodge: Dodged            |    33 |     5 ||    38

Table legend:
 A = Non-vault XP
 B = Vault XP
 C = Vault XP percentage of total XP
 D = Non-vault monster count
 E = Vault monster count
 F = Vault count percentage of total count
                 A         B        C        D         E       F
            +---------+---------+-------+---------+---------+-------
      Total |      89 |       0 |   0.0 |      30 |       0 |   0.0
            +---------+---------+-------+---------+---------+-------
        D:1 |      48 |       0 |   0.0 |      27 |       0 |   0.0
        D:2 |      41 |       0 |   0.0 |       3 |       0 |   0.0
            +---------+---------+-------+---------+---------+-------
